 Dungeon Crawl Stone Soup version 0.29.1-4-g47bece8355 (webtiles) character file.

Game seed: 6807259122736734979

1212 fantasyman the Ruffian (level 8, -3/61 HPs)
             Began as a Gnoll Transmuter on Dec 5, 2022.
             Was an Initiate of Vehumet.
             Slain by a killer bee (7 damage)
             ... on level 7 of the Dungeon.
             The game lasted 00:13:00 (9781 turns).

fantasyman the Ruffian (Gnoll Transmuter)           Turns: 9781, Time: 00:13:00

Health: -3/61      AC:  5    Str: 13    XL:     8   Next: 46%
Magic:  17/17      EV: 18    Int: 18    God:    Vehumet [......]
Gold:   296        SH:  0    Dex: 12    Spells: 11/19 levels left

rFire   . . .      SeeInvis .   n - staff of conjuration
rCold   . . .      Faith    +   (no shield)
rNeg    . . .      Spirit   .   a - +0 robe
rPois   .          Reflect  .   (helmet currently unavailable)
rElec   .          Harm     .   y - +0 cloak
rCorr   .          Rampage  .   f - +1 pair of gloves
Will    .....                   (boots currently unavailable)
Stlth   ++........              w - amulet of faith
HPRegen 0.20/turn               d - +4 ring of evasion
MPRegen 0.15/turn               p - +6 ring of intelligence

@: lethally poisoned (-3 -> -4), appendages (expiring), wereblooded
A: horns 2, talons 2, fangs 1, strong nose, distributed training
a: End Transformation, Renounce Religion


You were on level 7 of the Dungeon.
You worshipped Vehumet.
Vehumet was noncommittal.
You had temporarily grown beastly horns and talons.
You visited 2 branches of the dungeon, and saw 8 of its levels.

You collected 464 gold pieces.
You spent 168 gold pieces at shops.

Inventory:

Armour
 a - a +0 robe (worn)
 f - a +1 pair of gloves (worn)
 s - a +0 hat (melded)
 y - a +0 cloak (worn)
Magical Staves
 n - a staff of conjuration (weapon)
Jewellery
 d - a +4 ring of evasion (left hand)
 g - a +6 ring of strength
 p - a +6 ring of intelligence (right hand)
 w - an amulet of faith (around neck)
Wands
 m - a wand of mindburst (21)
Scrolls
 e - a scroll of enchant armour
 v - a scroll of fog
Potions
 b - 2 potions of lignification
 c - a potion of flight
 i - a potion of cancellation
 j - a potion of heal wounds
 k - 3 potions of might
 l - a potion of curing
 o - a potion of attraction {unknown}
 q - a potion of degeneration {unknown}
 r - 2 potions of resistance {unknown}
 t - a potion of berserk rage {unknown}


   Skills:
 + Level 4.3 Fighting
 + Level 3.4 Short Blades
 + Level 3.4 Long Blades
 + Level 3.4 Axes
 + Level 3.4 Maces & Flails
 + Level 3.4 Polearms
 + Level 3.4 Staves
 + Level 3.4 Ranged Weapons
 + Level 3.4 Throwing
 + Level 3.4 Armour
 + Level 5.8 Dodging
 + Level 3.4 Stealth
 + Level 3.4 Shields
 + Level 7.4 Unarmed Combat
 + Level 6.1 Spellcasting
 + Level 2.8 Conjurations
 + Level 2.8 Hexes
 + Level 2.8 Summonings
 + Level 2.8 Necromancy
 + Level 2.8 Translocations
 + Level 4.7 Transmutations
 + Level 2.8 Fire Magic
 + Level 2.8 Ice Magic
 + Level 2.8 Air Magic
 + Level 2.8 Earth Magic
 + Level 2.8 Poison Magic
 + Level 3.7 Invocations
 + Level 3.4 Evocations


You had 11 spell levels left.
You knew the following spells:

 Your Spells              Type           Power      Damage    Failure   Level
a - Beastly Appendage     Tmut           44%        N/A       1%          1
b - Wereblood             Tmut           22%        N/A       2%          2
c - Ice Form              Ice/Tmut       19%        N/A       24%         4
d - Foxfire               Conj/Fire      92%        2x1d8     3%          1

Your spell library contained the following spells:

 Spells                   Type           Power      Damage    Failure   Level
 Freeze                   Ice            60%        1d8       3%          1
 Summon Small Mammal      Summ           60%        N/A       3%          1
 Spider Form              Tmut/Pois      19%        N/A       8%          3


Dungeon Overview and Level Annotations

Branches:
Dungeon (7/15)             Temple (1/1) D:6

Altars:
Ashenzari
Dithmenos
Elyvilon
Hepliaklqana
Kikubaaqudgha
Nemelex Xobeh
Qazlal
Sif Muna
Trog
Uskayaw
Vehumet
Wu Jian
Xom
Zin
The Shining One

Shops:
D:6 [((*:

Annotations:
D:3 3 runed translucent doors, ElBoba's ghost, weakling DECj


Innate Abilities, Weirdness & Mutations

You have temporarily grown beastly horns and talons.
You have very sharp teeth.
Your uncanny sense of smell can sniff out nearby items.
Your experience applies equally to all skills.


Message History

You hit the killer bee.
The killer bee is heavily wounded.
The killer bee barely misses you. The killer bee stings you.
You closely miss the killer bee. Your kick misses the killer bee.
The killer bee is heavily wounded.
The killer bee misses you. The killer bee stings you.
You are poisoned.
The killer bee poisons you!
You miss the killer bee. Your punch misses the killer bee.
The killer bee is heavily wounded.
Your transformation is almost over.
You feel very sick. The killer bee completely misses you.
The killer bee barely misses you.
You hit the killer bee. Your headbutt misses the killer bee.
You bite the killer bee.
The killer bee is severely wounded.
You feel sick.
The killer bee stings you but does no damage. x2
You hit the killer bee but do no damage.
You blast the killer bee.
Your kick misses the killer bee.
The killer bee is almost dead.
You feel sick. The killer bee closely misses you. The killer bee misses you.
You closely miss the killer bee. Your headbutt misses the killer bee.
The killer bee is almost dead.
You feel sick. The killer bee barely misses you.
The killer bee stings you but does no damage.
You closely miss the killer bee. Your kick misses the killer bee.
Your bite misses the killer bee.
The killer bee is almost dead.
You feel sick. The killer bee completely misses you. The killer bee stings you.
* * * LOW HITPOINT WARNING * * *
The killer bee stings you but does no damage.
You barely miss the killer bee. Your kick misses the killer bee.
The killer bee is almost dead.
You feel sick. The killer bee misses you. The killer bee stings you.
* * * LOW HITPOINT WARNING * * *
You miss the killer bee.
The killer bee is almost dead.
You feel sick. The killer bee barely misses you. The killer bee stings you!
You die...

#...........## *,,,,
#.......#....#####*,,,,
#####............##.,,*
##.#.....#.......,,*
#..#........####..,,
##.##.....#.#.....#,*
#..##.....#...####*,*
#.#########.....#*,.#
#...@yyy......#.##.#*
#########..##.#....#*
#.............#ยงยง*,
#.....P.~~.P#......
#......~~~~.#####..
#.....~~~~~~# **,
#......~~.~.######.
#..................
#...........######.


You could see 3 killer bees.

Vanquished Creatures
  A sky beast (D:7)
  2 black bears
  A bullfrog (D:7)
  2 necrophages
  A scorpion (D:5)
  A killer bee (D:7)
  An electric eel (D:7)
  A centaur zombie (D:7)
  5 hounds
  A jelly (D:4)
  2 iguanas (D:5)
  2 orc wizards (D:6)
  A killer bee zombie (D:7)
  A howler monkey zombie (D:7)
  3 gnolls (D:2)
  8 adders
  A shadow imp (D:5)
  A white imp (D:7)
  An ufetubus (D:6)
  5 worms
  2 dart slugs (D:1)
  6 orcs
  13 ball pythons
  3 bats
  6 endoplasms
  3 giant cockroaches
  5 goblins
  9 hobgoblins
  5 jackals
  6 quokkas
  8 frilled lizards
  8 kobolds
  9 rats
124 creatures vanquished.

Vanquished Creatures (collateral kills)
  A gnoll bouda (D:2)
  A ball python (D:2)
  A jackal (D:2)
  5 foxfires (D:7)
8 creatures vanquished.

Vanquished Creatures (others)
  94 foxfires
  A withered plant (D:7)
95 creatures vanquished.

Grand Total: 227 creatures vanquished

Notes
Turn   | Place    | Note
-------+----------+-------------------------------------------
     0 | D:1      | fantasyman the Gnoll Transmuter began the quest for the
                  | Orb.
     0 | D:1      | Reached XP level 1. HP: 17/17 MP: 6/6
   334 | D:1      | Found a faded altar of an unknown god.
   337 | D:1      | Reached XP level 2. HP: 22/23 MP: 7/7
   830 | D:1      | Reached skill level 5 in Spellcasting
   830 | D:1      | Reached XP level 3. HP: 28/28 MP: 7/9
  1082 | D:1      | Reached skill level 1 in Invocations
  1520 | D:2      | Reached skill level 1 in Short Blades
  1520 | D:2      | Reached skill level 1 in Long Blades
  1520 | D:2      | Reached skill level 1 in Axes
  1520 | D:2      | Reached skill level 1 in Maces & Flails
  1520 | D:2      | Reached skill level 1 in Polearms
  1520 | D:2      | Reached skill level 1 in Staves
  1520 | D:2      | Reached skill level 1 in Ranged Weapons
  1520 | D:2      | Reached skill level 1 in Throwing
  1520 | D:2      | Reached skill level 1 in Armour
  1520 | D:2      | Reached skill level 1 in Stealth
  1520 | D:2      | Reached skill level 1 in Shields
  1520 | D:2      | Reached skill level 1 in Evocations
  1523 | D:2      | Reached XP level 4. HP: 6/34 MP: 8/11
  1981 | D:2      | Reached skill level 1 in Conjurations
  1981 | D:2      | Reached skill level 1 in Hexes
  1981 | D:2      | Reached skill level 1 in Summonings
  1981 | D:2      | Reached skill level 1 in Necromancy
  1981 | D:2      | Reached skill level 1 in Translocations
  1981 | D:2      | Reached skill level 1 in Fire Magic
  1981 | D:2      | Reached skill level 1 in Ice Magic
  1981 | D:2      | Reached skill level 1 in Air Magic
  1981 | D:2      | Reached skill level 1 in Earth Magic
  1981 | D:2      | Reached skill level 1 in Poison Magic
  2378 | D:2      | Learned a level 2 spell: Wereblood
  3014 | D:2      | Reached XP level 5. HP: 39/40 MP: 9/12
  4265 | D:3      | Found a runed translucent gate.
  4265 | D:3      | Found a runed translucent gate.
  4265 | D:3      | Noticed ElBoba's ghost (weakling DECj)
  4273 | D:3      | Found a runed translucent gate.
  4930 | D:4      | Learned a level 4 spell: Ice Form
  4981 | D:4      | Reached XP level 6. HP: 41/47 MP: 11/13
  5108 | D:4      | Reached skill level 5 in Dodging
  5896 | D:5      | Entered Level 5 of the Dungeon
  6052 | D:5      | Found a hazy altar of Hepliaklqana.
  6143 | D:5      | Noticed a black bear
  6154 | D:5      | Killed a black bear
  6155 | D:5      | Reached skill level 7 in Unarmed Combat
  6155 | D:5      | Reached XP level 7. HP: 36/52 MP: 15/15
  7357 | D:6      | Found Nuisizen's Weapon Shoppe.
  7359 | D:6      | Found Eluoziog's Weapon Boutique.
  7484 | D:6      | Found Hoike's General Store.
  7706 | D:6      | Found a staircase to the Ecumenical Temple.
  7962 | Temple   | Entered the Ecumenical Temple
  8025 | Temple   | Became a worshipper of Vehumet
  8138 | D:6      | Found Jafethomm's Antique Armour Shop.
  8217 | D:6      | Found Erghex's Book Shoppe.
  8225 | D:6      | Bought An Introduction to Theurgy for 168 gold pieces
  8227 | D:6      | Learned a level 1 spell: Foxfire
  8461 | D:7      | Reached XP level 8. HP: 60/60 MP: 11/16
  9781 | D:7      | Slain by a killer bee

Illustrated notes

Levels and vault maps discovered:
D:1:      dpeg_arrival_round_a, layout_loops_ring,
          shapermc_ecumenical_altar_flowoftime, corner_web_ring, st_stairs_11
D:2:      wad_crossroads, layout_basic, nrook_mini_backslash
D:3:      layout_basic, gammafunk_ghost_split, minmay_misc_feat_ornament,
          minmay_pentangle
D:4:      layout_layer_cave
D:5:      layout_basic, mainiacjoe_overflow_alcove_4, st_stairs_7,
          hangedman_abyss_or_decor_passed
D:6:      layout_loops_cross, minmay_temple_entry_ruins, serial_shops,
          kennysheep_little_box, nicolae_shop_statue_plus,
          nicolae_shop_advertising_works [nicolae_subvault_shop_adworks],
          shop_fountains, nicolae_shop_bloodbath_and_beyond
D:7:      layout_rooms, serial_undead, serial_undead_a, serial_undead_f,
          serial_undead_f, serial_undead_f
Temple:   nicolae_temple_bog_church

Skill      XL: |  1  2  3  4  5  6  7  8 |
---------------+-------------------------+-----
Spellcasting   | 5 6 |  6.1
Invocations    | 1 2 3 |  3.7
Short Blades   | 1 2 3 |  3.4
Long Blades    | 1 2 3 |  3.4
Axes           | 1 2 3 |  3.4
Maces & Flails | 1 2 3 |  3.4
Polearms       | 1 2 3 |  3.4
Staves         | 1 2 3 |  3.4
Ranged Weapons | 1 2 3 |  3.4
Throwing       | 1 2 3 |  3.4
Armour         | 1 2 3 |  3.4
Stealth        | 1 2 3 |  3.4
Shields        | 1 2 3 |  3.4
Evocations     | 1 2 3 |  3.4
Conjurations   | 1 2 |  2.8
Hexes          | 1 2 |  2.8
Summonings     | 1 2 |  2.8
Necromancy     | 1 2 |  2.8
Translocations | 1 2 |  2.8
Fire Magic     | 1 2 |  2.8
Ice Magic      | 1 2 |  2.8
Air Magic      | 1 2 |  2.8
Earth Magic    | 1 2 |  2.8
Poison Magic   | 1 2 |  2.8
Fighting       | 3 4 |  4.3
Transmutations | 4 |  4.7
Dodging        | 5 |  5.8
Unarmed Combat | 7 |  7.4

Action                   |  1- 3 |  4- 6 |  7- 9 || total
-------------------------+-------+-------+-------++-------
Melee: Unarmed           |    68 |   193 |    67 ||   328
       Kick              |    15 |    27 |    16 ||    58
       Bite              |     6 |    20 |    12 ||    38
       Headbutt          |     6 |    21 |     7 ||    34
       Punch             |     1 |     3 |     6 ||    10
       Staff             |       |       |    46 ||    46
 Cast: Beastly Appendage |    19 |    40 |    19 ||    78
       Wereblood         |       |     6 |     3 ||     9
       Ice Form          |       |     1 |       ||     1
       Foxfire           |       |       |    57 ||    57
  Use: Scroll            |       |    11 |     4 ||    15
       Potion            |       |       |     2 ||     2
 Stab: Sleeping          |     1 |     4 |     2 ||     7
Armor: Robe              |     9 |    16 |    32 ||    57
Dodge: Dodged            |    46 |   152 |   142 ||   340
